 Dungeon Crawl Stone Soup version 0.19-a0-1468-ge013c26 (webtiles) character file.

1241 Gruud the Carver (level 8, -3/61 HPs)
             Began as a Demonspawn Gladiator on Sept 7, 2016.
             Was an Initiate of Makhleb.
             Slain by an orc warrior
             ... wielding a +0 dire flail
              (10 damage)
             ... on level 5 of the Dungeon.
             The game lasted 00:16:52 (4472 turns).

Gruud the Carver (Demonspawn Gladiator)             Turns: 4472, Time: 00:16:53

Health: -3/61      AC: 12    Str: 15    XL:     8   Next: 25%
Magic:  0/10       EV: 11    Int: 13    God:    Makhleb [......]
Gold:   203        SH:  0    Dex: 13    Spells: 0 memorised, 7 levels left

rFire  . . .     SeeInvis .     a - +0 long sword
rCold  . . .     Gourm    .     s - +0 ring mail
rNeg   . . .     Faith    .     (no shield)
rPois  +         Spirit   +     c - +1 helmet
rElec  .         Dismiss  .     C - +0 cloak
rCorr  .         Reflect  .     h - +0 pair of gloves
MR     .....     Harm     .     (no boots)
Stlth  +......... Clarity  +    p - amulet of guardian spirit
                                (no ring)
                                (no ring)

@: no status effects
A: slimy green scales 2, clarity, poison resistance, powered by death 1, powered
by pain 2, robust 1
a: Renounce Religion


You were on level 5 of the Dungeon.
You worshipped Makhleb.
Makhleb was noncommittal.
You were hungry.

You visited 1 branch of the dungeon, and saw 6 of its levels.

You collected 203 gold pieces.

Inventory:

Hand Weapons
 a - a +0 long sword (weapon)
Armour
 b - a +0 leather armour
 c - a +1 helmet (worn)
 h - a +0 pair of gloves (worn)
 s - a +0 ring mail (worn)
 C - a +0 cloak (worn)
Jewellery
 p - an amulet of guardian spirit (around neck)
Wands
 t - a wand of flame (39/48)
 B - a wand of polymorph (0/24)
Scrolls
 i - 2 scrolls of amnesia
 l - a scroll of immolation
 v - 4 scrolls of remove curse
 w - 2 scrolls of recharging
 y - a scroll of enchant weapon {unknown}
 z - a scroll of fog
 D - a scroll of teleportation {unknown}
 F - a scroll of noise {unknown}
Potions
 k - 3 potions of curing
 m - a potion of might
 n - 3 potions of brilliance
 o - a potion of mutation
 r - a potion of resistance
 u - 3 potions of flight
 x - a potion of cancellation
Comestibles
 f - 5 bread rations
 g - 2 slices of pizza
 j - a meat ration
 E - 2 fruits
 G - a beef jerky


   Skills:
 - Level 2.0 Fighting
 * Level 9.1 Long Blades
 - Level 1.7 Throwing
 - Level 2.6 Dodging
 + Level 3.8 Invocations


You had 7 spell levels left.
You didn't know any spells.

Dungeon Overview and Level Annotations

Branches:
Dungeon (6/15)
 Temple: D:4-7

Altars:
Cheibriados
Dithmenos
Makhleb
Trog
Uskayaw

Annotations:
D:4 Sigmund; stickyfingers's ghost, amateur HOMo


Innate Abilities, Weirdness & Mutations

You are mostly covered in slimy green scales. (AC +3)
You regenerate a little health from kills.
You sometimes gain power by taking damage.
You possess an exceptional clarity of mind.
Your system is resistant to poisons. (rPois)
You are robust. (+10% HP)


Message History

You hit the orc warrior but do no damage.
The orc warrior is heavily wounded.
You hit the orc warrior.
The orc warrior is heavily wounded.
The orc warrior hits you with a dire flail!
* * * LOW HITPOINT WARNING * * *
You focus on the pain.
You feel very mighty all of a sudden.
It was a potion of cancellation.
Your magical effects are unravelling.
You feel magically purged.
You feel a little less mighty now. The orc warrior barely misses you.
You riposte.
You hit the orc warrior but do no damage.
The orc warrior is heavily wounded.
As you read the scroll labeled PARYQE RIDO, it crumbles to dust.
It is a scroll of enchant armour.
Your +0 helmet glows green for a moment.
The orc warrior hits you with a dire flail!
You die...

####### ###§§§### ......##
########## #..§§§..## ####...##
#...÷)...# #..§§§....
###.....###.######.# #.......##
#...........# #.# ###...###
..##..####### ###.##### #...#
####..# #.......# ##.## ####.(#
#.#.###.####.### ......## #@#.#
#.##.....# ####...## #o#.#
#.##.#.#.# ##.....## ##>#)#
#.##...#.## ##.......##
##..#.###.........#
#.........####.........##......##
+.........[......................
#.........####...#.###.###.....##
##.......## #...(..# #...<.....#
##>....## #.###### #######.###


You could see an orc warrior.

Vanquished Creatures
  A sky beast (D:5)
  A phantom (D:5)
  3 ogres
  A scorpion (D:3)
  A crimson imp (D:5)
  3 orc priests
  2 hounds
  5 orc wizards
  Crazy Yiuf (D:3)
  Ijyb (D:2)
  3 worker ants (D:4)
  A howler monkey zombie (D:4)
  Robin (D:2)
  4 gnolls (D:6)
  11 adders
  A shadow imp (D:5)
  An ooze (D:1)
  An adder skeleton (D:5)
  An adder zombie (D:5)
  3 worms
  A dart slug (D:1)
  A giant gecko (D:3)
  20 orcs
  6 giant cockroaches
  15 goblins
  3 hobgoblins
  A quokka (D:5)
  A ball python (D:2)
  4 bats
  A giant gecko skeleton (D:5)
  4 giant newts
  6 kobolds
  3 rats
112 creatures vanquished.

Vanquished Creatures (others)
  A sky beast (D:5)
1 creature vanquished.

Grand Total: 113 creatures vanquished

Notes
Turn   | Place    | Note
-------+----------+-------------------------------------------
     0 | D:1      | Gruud the Demonspawn Gladiator began the quest for the Orb.
     0 | D:1      | Reached XP level 1. HP: 16/16 MP: 1/1
   129 | D:1      | Reached skill level 3 in Long Blades
   163 | D:1      | Gained mutation: You regenerate a little health from kills. [demonic ancestry]
   163 | D:1      | Reached XP level 2. HP: 21/22 MP: 2/2
   594 | D:2      | Noticed Robin
   908 | D:2      | Gained mutation: You sometimes gain a little power by taking damage. [demonic ancestry]
   908 | D:2      | Reached XP level 3. HP: 27/27 MP: 3/3
   911 | D:2      | Found a shadowy altar of Dithmenos.
   935 | D:2      | Reached skill level 4 in Long Blades
   974 | D:2      | Gained mutation: Your system is resistant to poisons. (rPois) [potion of mutation]
   974 | D:2      | Gained mutation: You possess an exceptional clarity of mind. [potion of mutation]
   974 | D:2      | Gained mutation: You are robust. (+10% HP) [potion of mutation]
   979 | D:2      | Killed Robin
  1018 | D:2      | Reached XP level 4. HP: 26/36 MP: 4/4
  1082 | D:2      | Noticed Ijyb
  1091 | D:2      | Killed Ijyb
  1146 | D:2      | Reached skill level 5 in Long Blades
  1236 | D:2      | Found a hide-covered altar of Uskayaw.
  1419 | D:2      | Found a snail-covered altar of Cheibriados.
  1556 | D:3      | Reached XP level 5. HP: 41/41 MP: 5/5
  1975 | D:4      | Noticed stickyfingers's ghost (amateur HOMo)
  1977 | D:4      | Noticed an ogre
  1998 | D:3      | Found a runed door.
  2002 | D:3      | Noticed Crazy Yiuf
  2012 | D:3      | Killed Crazy Yiuf
  2137 | D:4      | Noticed Sigmund
  2238 | D:4      | Reached skill level 6 in Long Blades
  2423 | D:3      | Gained mutation: You are partially covered in slimy green scales. (AC +2) [demonic ancestry]
  2423 | D:3      | Reached XP level 6. HP: 16/48 MP: 1/6
  3033 | D:4      | Reached skill level 7 in Long Blades
  3176 | D:5      | Entered Level 5 of the Dungeon
  3213 | D:4      | Gained mutation: You are mostly covered in slimy green scales. (AC +3) [demonic ancestry]
  3213 | D:4      | Reached XP level 7. HP: 55/55 MP: 7/7
  3487 | D:5      | Found a burning altar of Makhleb.
  3500 | D:5      | Reached skill level 8 in Long Blades
  3504 | D:5      | Became a worshipper of Makhleb the Destroyer
  3513 | D:5      | Reached skill level 1 in Invocations
  3750 | D:5      | Found a bloodstained altar of Trog.
  3988 | D:5      | Gained mutation: You sometimes gain power by taking damage. [demonic ancestry]
  3988 | D:5      | Reached XP level 8. HP: 23/61 MP: 5/10
  4239 | D:5      | Reached skill level 9 in Long Blades
  4472 | D:5      | Slain by an orc warrior

Vault maps used:
D:1:      mrwooster_arrival_arrow
D:2:      lemuel_coloured_pillars_altar, nicolae_overflow_crystal_walls,
          grunt_dithmenos_smoke_and_mirrors, uniq_iyjb, uniq_robin
D:3:      uniq_crazy_yiuf_cottage
D:4:      hangedman_abyss_or_decor_stabs, minmay_close_crescents, uniq_sigmund
D:5:      overflow_temple_1_default, lemuel_round_altar, first_bread
D:6:      marbit_many_paths, uniq_eustachio

Skill      XL: |  1  2  3  4  5  6  7  8 |
---------------+-------------------------+-----
Long Blades    | 3 4 5 6 7 8 9 |  9.1
Invocations    | 3 |  3.8
Fighting       | |  2.0
Throwing       | |  1.7
Dodging        | |  2.6

Action                   |  1- 3 |  4- 6 |  7- 9 || total
-------------------------+-------+-------+-------++-------
Melee: Long sword        |    84 |   264 |   304 ||   652
Throw: Throwing net      |       |     2 |     2 ||     4
Evoke: Wand              |       |       |    13 ||    13
  Use: Potion            |     2 |       |     1 ||     3
       Scroll            |       |     7 |     8 ||    15
  Eat: Chunk             |       |     8 |     4 ||    12
Armor: Leather armour    |    29 |    27 |       ||    56
       Ring mail         |       |    42 |   100 ||   142
Dodge: Dodged            |    45 |   117 |   112 ||   274
